[Event "Athens of East Open 2019"]
[Site "Madurai"]
[Date "2019.08.13"]
[Round "10.2"]
[White "Abishek A"]
[Black "Adithya Ramesh"]
[Result "0-1"]
[ECO "A45"]
[WhiteElo "1693"]
[BlackElo "1579"]
[Annotator "NA RC"]
[PlyCount "102"]
[EventDate "2019.08.10"]
[EventType "swiss"]
[EventCountry "IND"]
[SourceTitle "playchess.com"]
[Source "ChessBase"]
[SourceQuality "1"]
[TimeControl "3600+30"]

1. d4 Nf6 2. Bg5 Ne4 3. Bf4 d5 4. Nd2 Bf5 5. f3 Nxd2 6. Qxd2 e6 7. e3 Bd6 8. Ne2 O-O 9. Bxd6 Qxd6 10. Ng3 c5 11. Nxf5 exf5 12. dxc5 Qxc5 13. O-O-O Nc6 14. Qxd5 Qxe3+ 15. Qd2 Qe6 16. Kb1 a5 17. a3 Rfd8 18. Bd3 Qf6 19. c3 g6 20. Qf2 Ne5 21. Bb5 f4 22. a4 b6 23. Rhe1 g5 24. Rd4 Rd6 25. Red1 Rad8 26. Rxd6 Rxd6 27. Rxd6 Qxd6 28. Qd4 Qxd4 29. cxd4 Ng6 30. Kc2 Nh4 31. Bf1 Kf8 32. Kd3 Ke7 33. Kc4 Kd6 34. Kb5 Kc7 35. Bd3 Nxg2 36. d5 Ne1 37. Be2 h5 38. d6+ Kxd6 39. Kxb6 f5 40. Kxa5 g4 41. Kb6 g3 42. hxg3 fxg3 43. Bf1 g2 44. Bxg2 Nxg2 45. a5 Ne3 46. a6 Nd5+ 47. Kb7 Kc5 48. a7 Nb6 49. Ka6 Kc6 50. b4 h4 51. b5+ Kc7 0-1

[Event "Athens of East Open 2019"]
[Site "Madurai"]
[Date "2019.08.13"]
[Round "10.3"]
[White "Bala Ganeshan"]
[Black "Tiwari Shivansh"]
[Result "1-0"]
[ECO "B11"]
[WhiteElo "1386"]
[BlackElo "1593"]
[Annotator "NA RC"]
[PlyCount "81"]
[EventDate "2019.08.10"]
[EventType "swiss"]
[EventCountry "IND"]
[SourceTitle "playchess.com"]
[Source "ChessBase"]
[SourceQuality "1"]
[TimeControl "3600+30"]

1. e4 c6 2. Nf3 d5 3. Nc3 Bg4 4. h3 Bxf3 5. Qxf3 Nf6 6. e5 Nfd7 7. d4 e6 8. Ne2 c5 9. c3 Nc6 10. Qd3 Rc8 11. f4 cxd4 12. Nxd4 Nc5 13. Qf3 Ne4 14. Be3 Qh4+ 15. Kd1 a6 16. Bd3 Nc5 17. Bc2 Qd8 18. Rf1 g6 19. Rf2 Be7 20. g3 b5 21. a3 Nd7 22. Ke1 Bc5 23. Rd1 Qc7 24. Kf1 Qa7 25. Rfd2 Bb6 26. a4 O-O 27. Kg2 Nxd4 28. Bxd4 Bxd4 29. Rxd4 Rc4 30. axb5 axb5 31. R4d2 Rfc8 32. Bb3 R4c5 33. h4 Qb6 34. h5 b4 35. c4 dxc4 36. Rd6 R5c6 37. Ba4 Nb8 38. Bxc6 Nxc6 39. h6 Qb8 40. Qxc6 f5 41. Qxc8+ 1-0

[Event "Athens of East Open 2019"]
[Site "Madurai"]
[Date "2019.08.13"]
[Round "10.4"]
[White "Ragesh Sarma.M"]
[Black "Shadhursshaan R"]
[Result "1-0"]
[ECO "A45"]
[WhiteElo "1583"]
[BlackElo "1602"]
[Annotator "NA RC"]
[PlyCount "69"]
[EventDate "2019.08.10"]
[EventType "swiss"]
[EventCountry "IND"]
[SourceTitle "playchess.com"]
[Source "ChessBase"]
[SourceQuality "1"]
[TimeControl "3600+30"]

1. d4 Nf6 2. Bg5 Ne4 3. Bf4 c5 4. Nd2 Nxd2 5. Qxd2 d5 6. e3 Nc6 7. Nf3 e6 8. c3 Bd6 9. Bg3 h5 10. dxc5 Bxc5 11. Bd3 Be7 12. h3 Bf6 13. Nd4 e5 14. Nxc6 bxc6 15. Qc2 Rb8 16. O-O Rb6 17. Rfd1 Qe7 18. e4 h4 19. Bh2 Kf8 20. exd5 cxd5 21. c4 e4 22. cxd5 Bf5 23. d6 Qe8 24. Bf1 Rxb2 25. Qc5 Bd7 26. Rab1 Rxb1 27. Rxb1 Bd8 28. Qxa7 Rh6 29. Rb8 Bc6 30. Bf4 Rg6 31. Be3 Kg8 32. d7 Bxd7 33. Qa8 Qe7 34. Rxd8+ Kh7 35. Rh8# 1-0